 Dungeon Crawl Stone Soup version 0.30-a0-862-g1aabd4f9c5 (webtiles) character file.

Game seed: 6160371146463320283

4 puppykicker the Magician (level 1, -2/10 HPs)
             Began as a Tengu Hedge Wizard on Mar 10, 2023.
             Succumbed to a kobold's poison
             ... on level 1 of the Dungeon.
             The game lasted 00:01:06 (272 turns).

puppykicker the Magician (Tengu Hedge Wizard)        Turns: 272, Time: 00:01:06

Health: -2/10      AC:  2    Str: 10    XL:     1   Next: 60%
Magic:  4/5        EV: 12    Int: 14    God:
Gold:   37         SH:  0    Dex: 13    Spells: 5/6 levels left

rFire   . . .      SeeInvis .    a - +0 whip
rCold   . . .      Faith    .    (no shield)
rNeg    . . .      Spirit   .    b - +0 robe
rPois   .          Reflect  .    c - +0 hat
rElec   .          Rampage  .    (no cloak)
rCorr   .                        (no gloves)
Will    .....                    (boots unavailable)
Stlth   ++                       (no amulet)
HPRegen 0.21/turn                (no ring)
MPRegen 0.09/turn                (no ring)

@: lethally poisoned (-2 -> -12), very slightly contaminated
A: beak, talons 3
a: no special abilities


You were on level 1 of the Dungeon.
You visited 1 branch of the dungeon, and saw 1 of its levels.

You collected 37 gold pieces.

Inventory:

Hand Weapons
 a - a +0 whip (weapon)
 x - a +0 antimagic spear
Missiles
 e - 3 poisoned darts
Armour
 b - a +0 robe (worn)
 c - a +0 hat (worn)


   Skills:
 + Level 0.1 Fighting
 + Level 0.3 Armour
 + Level 2.2 Dodging
 - Level 2.0 Stealth
 + Level 3.0 Spellcasting
 + Level 1.4 Conjurations
 + Level 1.3 Summonings
 + Level 0.8 Translocations


You had 5 spell levels left.
You knew the following spells:

 Your Spells              Type           Power      Damage    Failure   Level
a - Magic Dart            Conj           24%        1d4       12%         1

Your spell library contained the following spells:

 Spells                   Type           Power      Damage    Failure   Level
 Call Imp                 Summ           5%         N/A       19%         2
 Slow                     Hex            8%         N/A       22%         1
 Blink                    Tloc           8%         N/A       22%         2
 Cigotuvi's Dreadful Rot  Necr/Pois/Air  4%         N/A       32%         2
 Mephitic Cloud           Conj/Pois/Air  3%         N/A       47%         3


Dungeon Overview and Level Annotations

Branches:
Dungeon (1/15)

Altars:


Innate Abilities, Weirdness & Mutations

You have a beak for a mouth.
You have claws for feet.


Message History

Unknown command.
Okay, then.
You aren't carrying any scrolls.
Unknown command.
Casting: Magic Dart (safe; 12% risk of failure)
Aiming: Magic Dart (safe; 12% risk of failure)
Press: ? - help, Shift-Dir - straight line, f/p - kobold
Aim: a kobold, wielding a +1 dagger of venom (moderately wounded, 100% to hit)
The magic dart hits the kobold.
* * * LOW MAGIC WARNING * * *
You feel very sick. The kobold completely misses you.
You take 3 damage, and have 7/10 hp.
MASSIVE DAMAGE!!
You now have 1/5 mp.
Casting: Magic Dart (safe; 12% risk of failure)
Aiming: Magic Dart (safe; 12% risk of failure)
Press: ? - help, Shift-Dir - straight line, f/p - kobold
Aim: a kobold, wielding a +1 dagger of venom (heavily wounded, 100% to hit)
The magic dart hits the kobold.
* * * LOW MAGIC WARNING * * *;
* * * LOW HITPOINT WARNING * * *
You feel sick.
The kobold hits you with a +1 dagger of venom.
* * * LOW HITPOINT WARNING * * *
You take 6 damage, and have 1/10 hp.
MASSIVE DAMAGE!!
You now have 0/5 mp.
Magic courses through your body.
* * * LOW HITPOINT WARNING * * *
You feel sick. The kobold hits you but does no damage.
You are more poisoned.
MP restored: 5 Unknown command.
Casting: Magic Dart (safe; 12% risk of failure)
Aiming: Magic Dart (safe; 12% risk of failure)
Press: ? - help, Shift-Dir - straight line, f/p - kobold
Aim: a kobold, wielding a +1 dagger of venom (severely wounded, 100% to hit)
You miscast Magic Dart.
Nothing appears to happen.
You die...

#.###........ #$
###...##. #.###
#[....## ....#
###.....## #.#.#
........... #.#.#
####.....## #.#.#
##.....##
#K#.#######.......#
#.@................
#.####.#######.......#
#...................##
........#########...##
######### ##.## ###


You could see a kobold.

Levels and vault maps discovered:
D:1:      dpeg_arrival_tiny_h, layout_loops_ring

Notes
Turn   | Place    | Note
-------+----------+-------------------------------------------
     0 | D:1      | puppykicker the Tengu Hedge Wizard began the quest for the
                  | Orb.
     0 | D:1      | Reached XP level 1. HP: 10/10 MP: 5/5
    22 | D:1      | Identified a +0 whip
   101 | D:1      | Identified a +0 robe
   134 | D:1      | Identified a +0 antimagic spear
   162 | D:1      | Identified a +0 dagger
   195 | D:1      | Identified a +0 chain mail
   265 | D:1      | Identified a +1 dagger of venom
   270 | D:1      | HP: 1/10 [kobold/+1 dagger of venom (4)]
   272 | D:1      | Succumbed to a kobold's poison

Table legend: (Time is in decaauts)
 A = Elapsed time spent in this place.
 B = Non-inter-level travel time spent in this place.
 C = Inter-level travel time spent in this place.
 D = Time resting spent in this place.
 E = Time spent auto-exploring this place.
 F = Levels seen in this place.
 G = Mean time per level.
                   A        B        C        D        E       F      G
               +--------+--------+--------+--------+--------+-----+--------+
         Total |    272 |    272 |      0 |     43 |    162 |   1 |  272.0 |
       Dungeon |    272 |    272 |      0 |     43 |    162 |   1 |  272.0 |
               +--------+--------+--------+--------+--------+-----+--------+

Top non-repeatable levels by time:
     D:1: 272 daAuts

Table legend:
 A = Kills in this place as a percentage of kills in the entire game.
 B = Kills by you in this place as a percentage of kills by you in the entire game.
 C = Kills by friends in this place as a percentage of kills by friends in the entire game.
 D = Other kills in this place as a percentage of other kills in the entire game.
 E = Experience gained in this place as a percentage of experience gained in the entire game.
 F = Experience gained in this place divided by the number of levels of this place that you have seen.
                   A       B       C       D       E      F
               +-------+-------+-------+-------+-------+----------------------
         Total | 100.0 | 100.0 |   N/A |   N/A | 100.0 |   6.0
       Dungeon | 100.0 | 100.0 |   N/A |   N/A | 100.0 |   6.0
               +-------+-------+-------+-------+-------+----------------------

Action                     || total
---------------------------++-------
  Melee: Whip              ||     8
         Dagger            ||     4
         Kick              ||     1
   Cast: Magic Dart        ||     8
    Use: Potion            ||     1
   Stab: Sleeping          ||     1
 Armour: Robe              ||     6
  Dodge: Dodged            ||    10

Vanquished Creatures
  A kobold (D:1)
  A ball python (D:1)
  A frilled lizard (D:1)
  A goblin (D:1)
  A rat (D:1)
5 creatures vanquished.
